 Dungeon Crawl Stone Soup version 0.28.0-45-g0d030f2227 (webtiles) character file.

Game seed: 6845186285340951240

148 kingofstarryskies the Poker (level 5, 0/41 HPs)
             Began as a Demonspawn Abyssal Knight on Apr 14, 2022.
             Was a Follower of Lugonu.
             Slain by a scorpion (6 damage)
             ... on level 3 of the Dungeon.
             The game lasted 00:03:08 (2453 turns).

kingofstarryskies the Poker (DsAK)                  Turns: 2453, Time: 00:03:09

Health: 0/41       AC:  3    Str: 16    XL:     5   Next: 8%
Magic:  6/6        EV: 13    Int: 11    God:    Lugonu [*.....]
Gold:   34         SH:  0    Dex: 13    Spells: 4/4 levels left

rFire   . . .      SeeInvis .   a - +1 spear
rCold   . . .      Faith    .   (no shield)
rNeg    . . .      Spirit   .   b - +0 leather armour
rPois   .          Reflect  .   (helmet restricted)
rElec   .          Harm     .   (no cloak)
rCorr   .          Rampage  .   (no gloves)
Will    .....                   (no boots)
Stlth   +.........              (no amulet)
HPRegen 0.13/turn               (no ring)
MPRegen 0.10/turn               (no ring)

@: no status effects
A: horns 1, repulsion field 1, demonic guardian 1
a: Renounce Religion, Depart the Abyss


You were on level 3 of the Dungeon.
You worshipped Lugonu.
Lugonu was aware of your devotion.
You visited 1 branch of the dungeon, and saw 3 of its levels.
You visited the Abyss 1 time.

You collected 34 gold pieces.

Inventory:

Hand Weapons
 a - a +1 spear (weapon)
Armour
 b - a +0 leather armour (worn)
Scrolls
 d - a scroll of amnesia
 e - 2 scrolls of identify


   Skills:
 - Level 3.0 Fighting
 * Level 4.8 Polearms
 - Level 1.7 Armour
 - Level 0.8 Dodging
 - Level 2.5 Invocations


You had 4 spell levels left.
You didn't know any spells.
Your spell library was empty.

Dungeon Overview and Level Annotations

Branches:
Dungeon (3/15)

Altars:
Gozag


Innate Abilities, Weirdness & Mutations

You have a pair of small horns on your head.
You are surrounded by a mild repulsion field. (EV +2)
A weak demonic guardian rushes to your aid.


Message History

The orc priest hits your rat with a +0 club.
Your rat dies!
Your rat's corpse dissolves into shadows!
You swap places.
The orc priest hits your ball python with a +0 club.
Your ball python dies!
Your ball python's corpse dissolves into shadows!
Okay, then.
Unknown command.
Okay, then.
You fade into invisibility!
Found 4 poisoned darts.
Found a stone staircase leading down.
You flicker for a moment.
You flicker back into view.
The orc priest calls down the wrath of Beogh upon you.
Beogh smites you!
* * * LOW HITPOINT WARNING * * *
A demonic guardian appears!
You swap places.
Your white imp gestures at the orc priest.
The puff of frost misses the orc priest.
The orc priest hits your white imp but does no damage.
Your white imp gestures at the orc priest.
The puff of frost hits the orc priest!
A scorpion comes into view.
The orc priest invokes the aid of Beogh against your white imp.
Your white imp is smitten.
Your white imp dies!
Your white imp disappears in a puff of smoke!
The scorpion moves out of view.
A scorpion is nearby!
You hit the scorpion.
You headbutt the scorpion, but do no damage.
The scorpion is lightly wounded.
The scorpion closely misses you.
You hit the scorpion.
The scorpion is heavily wounded.
The scorpion stings you.
You die...

#..oo..........##.
#..§..............
##>.........>......
##..#..........#..##
#..#######..####.#..
#.##*......##**#...#
##.###.......,....##†
#....s..........#,#..
#...@#.....,,,.,,,#.#
#....#,,...,,,,,**#.*
######,,,,.,,,,,,,..*
****,,,,,,,,,,,,....
**,,,,,,,,,,,,,,.....
*,,,,,,,,,,,,,,,.....
******,,,,,,<,,,,,,,#
*,,,,,,,,,,,,,,*
****************


You could see a scorpion.

Vanquished Creatures
  5 adders
  A worm (D:3)
  An orc (D:3)
  3 bats (D:2)
  2 endoplasms
  2 giant cockroaches
  2 goblins (D:2)
  2 hobgoblins
  2 quokkas
  4 ball pythons
  A frilled lizard (D:2)
  5 kobolds
  3 rats
33 creatures vanquished.

Vanquished Creatures (collateral kills)
  A bullfrog (D:3)
  An orc (D:3)
2 creatures vanquished.

Grand Total: 35 creatures vanquished

Notes
Turn   | Place    | Note
-------+----------+-------------------------------------------
     0 | Abyss:1  | kingofstarryskies the Demonspawn Abyssal Knight began the
                  | quest for the Orb.
     0 | Abyss:1  | Reached XP level 1. HP: 18/18 MP: 2/2
     0 | D:1      | Escaped the Abyss
    64 | D:1      | Found a faded altar of an unknown god.
    65 | D:1      | You fall into a shaft and drop 1 floor!
    68 | D:2      | Reached * piety under Lugonu
   128 | D:2      | Reached skill level 2 in Polearms
   149 | D:2      | Gained mutation: A weak demonic guardian rushes to your
                  | aid. [demonic ancestry]
   149 | D:2      | Reached XP level 2. HP: 18/24 MP: 3/3
   626 | D:2      | Reached skill level 3 in Polearms
   626 | D:2      | Gained mutation: You are surrounded by a mild repulsion
                  | field. (EV +2) [demonic ancestry]
   626 | D:2      | Reached XP level 3. HP: 12/29 MP: 4/4
   811 | D:2      | Found an opulent altar of Gozag.
  1578 | D:3      | Noticed a bullfrog
  1586 | D:3      | Killed a bullfrog
  1587 | D:3      | Reached skill level 4 in Polearms
  1587 | D:3      | Reached XP level 4. HP: 5/35 MP: 5/5
  2193 | D:3      | Gained mutation: You have a pair of small horns on your
                  | head. [demonic ancestry]
  2193 | D:3      | Reached XP level 5. HP: 23/41 MP: 6/6
  2453 | D:3      | Slain by a scorpion

Illustrated notes

Levels and vault maps discovered:
D:1:      minmay_arrival_split_and_join, layout_loops_ring,
          chequers_ecumenical_altar_simple_redux
D:2:      layout_basic, basic_altar, hangedman_feature_mirror
D:3:      layout_rooms

Skill      XL: |  1  2  3 |
---------------+----------+-----
Polearms       | 2 3 4 |  4.8
Fighting       | |  3.0
Armour         | |  1.7
Dodging        | |  0.8
Invocations    | |  2.5

Action                   |  1- 3 |  4- 6 || total
-------------------------+-------+-------++-------
Melee: Spear             |    85 |    44 ||   129
       Punch             |       |     1 ||     1
       Headbutt          |       |     2 ||     2
Invok: Depart the Abyss  |     1 |       ||     1
  Use: Scroll            |       |     6 ||     6
       Potion            |       |     3 ||     3
 Stab: Sleeping          |     2 |       ||     2
Armor: Leather armour    |    20 |     1 ||    21
Dodge: Dodged            |    38 |    24 ||    62
